 Dungeon Crawl Stone Soup version 0.30-a0-371-gad7725a93e (webtiles) character file.

Game seed: 5292528457338622784

4078 experimilk the Merchant of Misery (level 10, -1/65 (69) HPs)
             Began as a Black Draconian Conjurer on Nov 20, 2022.
             Was a Believer of Kikubaaqudgha.
             Slain by an orc
             ... wielding a +0 trident
              (2 damage)
             ... on level 8 of the Dungeon.
             The game lasted 00:35:17 (12038 turns).

experimilk the Merchant of Misery (DrCj)           Turns: 12038, Time: 00:35:17

HP:   -1/65 (69)    AC: 16    Str: 11    XL:     10   Next: 5%
MP:   15/17         EV: 12    Int: 24    God:    Kikubaaqudgha [**....]
Gold: 224           SH:  0    Dex:  9    Spells: 3/19 levels left

rFire   . . .      SeeInvis +    s - +9 short sword "Grim Tooth" {flame, Str+2 SInv}
rCold   + . .      Faith    .    (no shield)
rNeg    . . .      Spirit   .    (body armour unavailable)
rPois   .          Reflect  .    (helmet restricted)
rElec   +          Harm     .    A - +1 cloak {Stlth+}
rCorr   .          Rampage  .    (no gloves)
Will    .....                    k - +2 pair of boots
Stlth   +++.......               (no amulet)
HPRegen 0.30/turn                h - +4 ring of protection
MPRegen 0.15/turn                l - ring of protection from cold

@: animating dead, drained
A: breathe lightning, AC +7, unfitting armour, electricity resistance,
cold-blooded
a: Breathe Lightning, Renounce Religion, Unearth Wretches


You were on level 8 of the Dungeon.
You worshipped Kikubaaqudgha.
Kikubaaqudgha was pleased with you.
You visited 2 branches of the dungeon, and saw 9 of its levels.
You also visited: Ossuary.

You collected 454 gold pieces.
You spent 230 gold pieces at shops.

Inventory:

Hand Weapons
 s - the +9 short sword "Grim Tooth" (weapon) {flame, Str+2 SInv}
   (You found it on level 6 of the Dungeon)

   It burns those it strikes, dealing additional fire damage.
   Str:       It affects your strength (+2).
   SInv:      It lets you see invisible.
 v - a +2 dagger of pain
Armour
 k - a +2 pair of boots (worn)
 A - a +1 cloak of stealth (worn)
Jewellery
 h - a +4 ring of protection (left hand)
 i - a ring of flight
 l - a ring of protection from cold (right hand)
Wands
 c - a wand of roots (9)
 y - a wand of flame (18)
 z - a wand of paralysis (11)
 F - a wand of light (6)
Scrolls
 a - a scroll of brand weapon {unknown}
 b - 3 scrolls of amnesia
 e - 6 scrolls of teleportation
 f - 2 scrolls of enchant weapon {unknown}
 j - 2 scrolls of fear {unknown}
 o - a scroll of blinking {unknown}
 p - 2 scrolls of magic mapping
 w - a scroll of poison {unknown}
 C - 2 scrolls of immolation
 H - a scroll of identify
Potions
 d - 2 potions of cancellation
 g - a potion of ambrosia
 m - 3 potions of mutation
 n - 2 potions of attraction
 q - 2 potions of heal wounds
 r - 6 potions of curing
 t - a potion of berserk rage
 u - a potion of flight {unknown}
 x - 3 potions of haste
 B - a potion of resistance {unknown}
 D - 2 potions of might
 E - a potion of invisibility {unknown}
 G - a potion of lignification {unknown}


   Skills:
 - Level 1.7 Dodging
 - Level 1.7 Stealth
 - Level 5.0 Spellcasting
 - Level 10.0 Conjurations
 + Level 10.2 Necromancy


You had 3 spell levels left.
You knew the following spells:

 Your Spells              Type           Power      Damage    Failure   Level
a - Necrotise             Necr           100%       1d9       1%          1
b - Magic Dart            Conj           100%       1d8       1%          1
c - Kiss of Death         Conj/Necr      100%       2d13      1%          1
q - Vampiric Draining     Necr           53%        2d9       1%          3
s - Animate Dead          Necr           53%        N/A       1%          4
x - Iskenderun's Mystic   Conj/Tloc      30%        2d8       11%         4
z - Searing Ray           Conj           100%       2d8       1%          2

Your spell library contained the following spells:

 Spells                   Type           Power      Damage    Failure   Level
 Shock                    Conj/Air       100%       1d9       1%          1
 Dazzling Flash           Conj/Hex       60%        N/A       3%          3
 Ensorcelled Hibernation  Hex/Ice        12%        N/A       13%         2
 Call Canine Familiar     Summ           6%         N/A       26%         3
 Frozen Ramparts          Ice            12%        1d2       26%         3
 Portal Projectile        Hex/Tloc       12%        N/A       26%         3
 Spider Form              Tmut/Pois      6%         N/A       26%         3
 Swiftness                Air            6%         N/A       26%         3
 Anguish                  Hex/Necr       15%        N/A       11%         4
 Fulminant Prism          Conj/Hex       15%        3d10      11%         4
 Airstrike                Air            3%         2d(1-17)  65%         4
 Ice Form                 Ice/Tmut       6%         N/A       65%         4
 Leda's Liquefaction      Hex/Erth       3%         N/A       65%         4
 Summon Ice Beast         Ice/Summ       6%         N/A       65%         4


Dungeon Overview and Level Annotations

Branches:
Dungeon (8/15)             Temple (1/1) D:4         Ossuary (visited)
   Lair: D:8-11

Altars:
Ashenzari
Cheibriados
Dithmenos
Elyvilon
Fedhas
Gozag
Hepliaklqana
Kikubaaqudgha
Makhleb
Nemelex Xobeh
Okawaru
Ru
Sif Muna
Trog
Uskayaw
Wu Jian
Xom
Yredelemnul
Zin
The Shining One

Shops:
D:2 ?   D:5 (   D:6 [

Annotations:
D:8 1 runed translucent door


Innate Abilities, Weirdness & Mutations

You can breathe wild blasts of lightning.
Your glossy black scales are hard. (AC +7)
You cannot fit into any form of body armour.
You are resistant to electric shocks. (rElec)
You are cold-blooded and may be slowed by cold attacks.


Message History

The wight is severely damaged.
The centaur hits you but does no damage.
The centaur kicks you but does no damage.
The orc closely misses you. The wight hits you but does no damage.
The sky beast hits you.
* * * LOW HITPOINT WARNING * * *
The sky beast shocks you. You resist.
* * * LOW HITPOINT WARNING * * *
The orc wizard mumbles some strange words.
The orc wizard flickers and vanishes for a moment.
The gnoll hits you but does no damage.
You hit the wight. You burn the wight. You tail-slap the wight.
The wight is almost destroyed.
The centaur closely misses you. The centaur misses you.
The orc hits you but does no damage.
The centaur hits you but does no damage.
The centaur kicks you but does no damage.
The wight barely misses you. The sky beast closely misses you.
The orc hits you from afar with a +0 trident.
* * * LOW HITPOINT WARNING * * *
The gnoll hits you from afar with a +0 spear.
* * * LOW HITPOINT WARNING * * *
You hit the wight. You burn the wight.
You destroy the wight!
Kikubaaqudgha accepts your kill. The centaur barely misses you.
The centaur closely misses you. The orc closely misses you.
The gnoll closely misses you. The sky beast hits you.
* * * LOW HITPOINT WARNING * * *
The sky beast shocks you. You resist.
* * * LOW HITPOINT WARNING * * *
The gnoll sergeant hits you but does no damage.
You barely miss the orc wizard. Your punch misses the orc wizard.
The centaur closely misses you. x2; The orc hits you but does no damage.
The centaur closely misses you.
The centaur kicks you but does no damage.
The orc wizard hits you but does no damage.
The orc hits you from afar with a +0 trident.
You die...
Kikubaaqudgha rasps: "You have failed me!
Welcome... death!"

#..#. #.##### ..#..#.
#.########
.......###.........
..........###########
. ..........# ... .
....##.g.o######.
#.##. ...
#gggog...... #... .
#gocoY.##### #..#
####@..# #..# #...#
#..# #
#...#######<.### .
######.........###
#............
#.........###
#.........###
####.........
###.......


You could see a sky beast (invisible), a gnoll sergeant, a centaur, an orc
wizard (invisible), 5 gnolls and 3 orcs.

Vanquished Creatures
  A centaur warrior (D:8)
  A two-headed ogre (D:6)
  Pikel (D:7)
  An unseen horror (D:7)
  A water moccasin (D:6)
  Duvessa (D:7)
  Pargi (D:3)
  3 orc warriors
  3 sky beasts
  A centaur (D:6)
  5 bullfrogs
  A scorpion (D:7)
  A necrophage (D:8)
  3 wights (D:8)
  Dowan (D:7)
  2 howler monkeys
  4 hounds
  4 centaur zombies (Ossuary)
  4 jellies
  3 orc priests
  3 iguanas
  Natasha (thrice) (D:4)
  6 orc wizards
  An ogre zombie (Ossuary)
  7 mummies (Ossuary)
  10 gnolls
  6 adders
  A shadow imp (D:6)
  2 white imps
  2 ufetubi
  5 adder zombies (Ossuary)
  2 worms (D:2)
  6 dart slugs
  24 orcs
  3 ball pythons
  6 endoplasms
  2 giant cockroaches
  6 hobgoblins
  6 jackals
  2 quokkas
  8 bats
  10 frilled lizards
  10 goblins
  A goblin zombie (Ossuary)
  7 hobgoblin zombies (Ossuary)
  11 kobolds
  6 kobold zombies (Ossuary)
  A quokka zombie (Ossuary)
  4 rats
  4 rat zombies (Ossuary)
207 creatures vanquished.

Vanquished Creatures (collateral kills)
  An ice beast (D:7)
  A black bear (D:7)
  An ogre (D:7)
  A lemure (D:7)
  A bullfrog (D:7)
  A howler monkey (D:7)
  An ufetubus (D:7)
  A kobold zombie (Ossuary)
8 creatures vanquished.

Vanquished Creatures (others)
  A death knight (D:8)
  A troll (D:8)
  An orc warrior (D:8)
  3 orc zombies (D:8)
6 creatures vanquished.

Grand Total: 221 creatures vanquished

Notes
Turn   | Place    | Note
-------+----------+-------------------------------------------
     0 | D:1      | experimilk the Draconian Conjurer began the quest for the
                  | Orb.
     0 | D:1      | Reached XP level 1. HP: 14/14 MP: 3/3
   403 | D:1      | Reached XP level 2. HP: 20/20 MP: 1/5
   406 | D:1      | Learned a level 2 spell: Searing Ray
  1431 | D:2      | Reached skill level 5 in Conjurations
  1432 | D:2      | Reached XP level 3. HP: 26/26 MP: 0/6
  1930 | D:2      | Reached XP level 4. HP: 33/33 MP: 0/7
  2006 | D:2      | Learned a level 4 spell: Iskenderun's Mystic Blast
  2056 | D:2      | Found Cosinip's Magic Scroll Shop.
  2063 | D:2      | Bought a scroll of teleportation for 30 gold pieces
  2063 | D:2      | Bought a scroll of identify for 20 gold pieces
  3451 | D:3      | Reached XP level 5. HP: 37/38 MP: 1/8
  3525 | D:3      | Noticed Pargi
  3539 | D:3      | Killed Pargi
  3834 | D:3      | Reached XP level 6. HP: 34/45 MP: 0/9
  4542 | D:4      | Found a staircase to the Ecumenical Temple.
  4568 | D:4      | Noticed Natasha
  4572 | D:4      | Killed Natasha
  4698 | Temple   | Entered the Ecumenical Temple
  4882 | Temple   | Became a worshipper of Kikubaaqudgha
  4975 | D:4      | Noticed Natasha
  4979 | D:4      | Killed Natasha
  5634 | D:4      | Reached skill level 1 in Necromancy
  5634 | D:4      | Your scales start taking on a glossy black colour.
  5634 | D:4      | Reached XP level 7. HP: 50/50 MP: 2/10
  5634 | D:4      | Gained mutation: You are resistant to electric shocks.
                  | (rElec) [Black Draconian growth]
  5639 | D:4      | Noticed Natasha
  5647 | D:4      | Killed Natasha
  5743 | D:4      | Reached * piety under Kikubaaqudgha
  5743 | D:4      | Received a gift from Kikubaaqudgha
  6267 | D:5      | Entered Level 5 of the Dungeon
  6267 | D:5      | Found Luys's Weapon Shop.
  6519 | D:5      | Found an iron altar of Okawaru.
  6671 | D:5      | Learned a level 1 spell: Kiss of Death
  6673 | D:5      | Learned a level 1 spell: Necrotise
  7257 | D:6      | Noticed a two-headed ogre
  7260 | D:6      | Identified the +9 short sword "Grim Tooth" {flame, Str+2
                  | SInv}
  7676 | D:6      | Reached XP level 8. HP: 49/57 MP: 5/13
  7691 | D:6      | Killed a two-headed ogre
  7692 | D:6      | Reached skill level 5 in Spellcasting
  7693 | D:6      | Found a sand-covered staircase.
  7702 | Ossuary  | Entered an ossuary
  9086 | Ossuary  | Learned a level 4 spell: Animate Dead
  9090 | Ossuary  | Reached skill level 5 in Necromancy
  9413 | D:6      | Found Jaag's Antique Armour Shoppe.
  9422 | D:6      | Bought an embroidered cloak for 180 gold pieces
  9492 | D:6      | Reached skill level 10 in Conjurations
  9492 | D:6      | Reached XP level 9. HP: 51/62 MP: 9/16
  9595 | D:6      | Found a hide-covered altar of Uskayaw.
  9661 | D:6      | Reached ** piety under Kikubaaqudgha
  9886 | D:6      | Learned a level 3 spell: Vampiric Draining
 10471 | D:7      | Noticed Duvessa
 10472 | D:7      | Noticed Dowan
 10488 | D:7      | Killed Duvessa
 10491 | D:7      | Killed Dowan
 10831 | D:7      | Noticed Pikel
 10840 | D:7      | Killed Pikel
 11451 | D:8      | Reached skill level 10 in Necromancy
 11625 | D:8      | Found a runed translucent door.
 11973 | D:8      | Reached XP level 10. HP: 60/68 MP: 13/17
 12037 | D:8      | HP: 2/65 [sky beast (2)]
 12038 | D:8      | Slain by an orc

Illustrated notes

Levels and vault maps discovered:
D:1:      spicycebolla_green_bress_n_ham, layout_basic, kennysheep_flooded_box,
          hex_intersection
D:2:      layout_basic, serial_shops, shop_fountains, grunt_ministairs_2,
          minivault_19, hangedman_decor_opposing, minmay_quadrilaterals
D:3:      layout_basic, uniq_pargi
D:4:      layout_loops_cross, temple_pool_b, uniq_natasha
D:5:      layout_cave_pods, okawaru_trees_1, serial_shops, shop
D:6:      layout_rooms, nicolae_uskayaw_suspiria, serial_shops,
          nicolae_shop_trees, nicolae_ossuary_entry_plus
D:7:      layout_gridville, grunt_tough_drop, uniq_pikel, uniq_duvessa
D:8:      gammafunk_indiana_jones, layout_basic, david_lair_shrubbed
Temple:   regret_index_temple_chain_breaker

Skill      XL: |  1  2  3  4  5  6  7  8  9 |
---------------+----------------------------+-----
Conjurations   | 5 6 7 8 9 10 | 10.0
Necromancy     | 1 3 5 10 | 10.2
Spellcasting   | 3 5 |  5.0
Dodging        | |  1.7
Stealth        | |  1.7

Action                   |  1- 3 |  4- 6 |  7- 9 | 10-12 || total
-------------------------+-------+-------+-------+-------++-------
Melee: Whip              |     2 |       |       |       ||     2
       Short sword       |    10 |     7 |    51 |    17 ||    85
       Hand axe          |       |    24 |       |       ||    24
       Tailslap          |       |     6 |     9 |     3 ||    18
       Dagger            |       |    19 |    35 |       ||    54
       Punch             |       |       |     2 |       ||     2
 Cast: Magic Dart        |    47 |    51 |    60 |       ||   158
       Searing Ray       |     8 |    29 |    56 |       ||    93
       Necrotise         |       |       |     8 |       ||     8
       Kiss of Death     |       |       |     4 |       ||     4
       Animate Dead      |       |       |     5 |     1 ||     6
Invok: Unearth Wretches  |       |       |     4 |       ||     4
 Abil: Breathe Lightning |       |       |     5 |       ||     5
  Use: Scroll            |     4 |     4 |     7 |       ||    15
       Potion            |       |     1 |     1 |       ||     2
 Stab: Sleeping          |       |       |     1 |       ||     1
       Paralysed         |       |       |     3 |       ||     3
Armor: Skin              |     7 |    56 |    90 |    54 ||   207
Dodge: Dodged            |    22 |    64 |   123 |    68 ||   277

Table legend: (Time is in decaauts)
 A = Elapsed time spent in this place.
 B = Non-inter-level travel time spent in this place.
 C = Inter-level travel time spent in this place.
 D = Time resting spent in this place.
 E = Time spent auto-exploring this place.
 F = Levels seen in this place.
 G = Mean time per level.
                   A        B        C        D        E       F      G
               +--------+--------+--------+--------+--------+-----+--------+
         Total |  12047 |  11589 |    458 |   5084 |   4496 |  10 | 1204.7 |
       Dungeon |  10241 |   9791 |    450 |   3923 |   4346 |   8 | 1280.1 |
        Temple |    193 |    185 |      8 |      0 |    136 |   1 |  193.0 |
       Ossuary |   1611 |   1611 |      0 |   1161 |     14 |   1 | 1611.0 |
               +--------+--------+--------+--------+--------+-----+--------+

Top non-repeatable levels by time:
     D:2: 1729 daAuts
 Ossuary: 1611 daAuts
     D:3: 1497 daAuts
     D:4: 1433 daAuts
     D:1: 1424 daAuts
     D:7: 1350 daAuts
     D:5: 1280 daAuts
     D:6: 768 daAuts
     D:8: 757 daAuts
  Temple: 193 daAuts
